 Dungeon Crawl Stone Soup version 0.29.0-15-g675c0067aa (webtiles) character file.

Game seed: 17432986445865722563

0 qw the Sneak (level 1, -9/14 HPs)
             Began as a Gargoyle Delver on Sept 11, 2022.
             Mangled by an orc warrior
             ... wielding a +0 scimitar
              (18 damage)
             ... on level 5 of the Dungeon.
             The game lasted 00:00:02 (58 turns).

qw the Sneak (Gargoyle Delver)                        Turns: 58, Time: 00:00:02

Health: -9/14      AC:  5    Str: 15    XL:     1   Next: 0%
Magic:  1/1        EV: 11    Int: 10    God:
Gold:   0          SH:  0    Dex: 11    Spells: 0/0 levels left

rFire   . . .      SeeInvis .   a - +0 hand axe
rCold   . . .      Faith    .   (no shield)
rNeg    + . .      Spirit   .   b - +0 leather armour
rPois   inf        Reflect  .   (no helmet)
rElec   +          Harm     .   (no cloak)
rCorr   .          Rampage  .   (no gloves)
Will    .....                   (no boots)
Stlth   +++.......              (no amulet)
HPRegen 0.04/turn               (no ring)
MPRegen 0.07/turn               (no ring)

@: no status effects
A: sickness immunity, AC +2, negative energy resistance 1, electricity
resistance, torment resistance 1, petrification resistance
a: no special abilities


You were on level 5 of the Dungeon.
You visited 1 branch of the dungeon, and saw 1 of its levels.


Innate Abilities, Weirdness & Mutations

You are immune to sickness and miasma.
Your stone body is resilient. (AC +2)
You are immune to poison.
You resist negative energy. (rN+)
You are resistant to electric shocks. (rElec)
You are resistant to unholy torment.
You are immune to petrification.


   Skills:
 - Level 3.2 Fighting
 + Level 1.7 Axes
 - Level 1.5 Dodging
 - Level 5.4 Stealth


You couldn't memorise any spells.
You didn't know any spells.
Your spell library was empty.

Inventory:

Hand Weapons
 a - a +0 hand axe (weapon)
Armour
 b - a +0 leather armour (worn)
Wands
 g - a wand of digging (3)
Scrolls
 c - a scroll of fog
 d - a scroll of magic mapping
 e - a scroll of fear
Potions
 f - a potion of haste

Dungeon Overview and Level Annotations

Branches:
Dungeon (5/15)
 Temple: D:4-7

Altars:
Gozag
Xom


Message History

Enter note:
Enter note: An orc warrior and an orc come into view.
The orc is wielding a +0 hand axe and quivering silver boomerangs.
The orc shouts!
Something hits the plant!
The plant begins to die.
You hear a shout!
An orc comes into view. It is wielding a +0 flail.
The orc completely misses the plant.
A nearby plant withers and dies.
The orc hits the plant with a +0 hand axe!
The plant begins to die.
The orc hits the plant with a +0 hand axe.
An orc comes into view. It is wielding a +0 club.
You barely miss the orc.
The orc shouts!
You hit the plant.
The plant begins to die.
You hit the plant.
The plant begins to die.
You hit the plant but do no damage. You hit the plant.
The plant begins to die.
A nearby plant withers and dies.
The orc closely misses you.
You hit the orc.
The orc is heavily wounded.
You hit the plant.
The plant begins to die.
You hit the plant. x3
The orc hits you but does no damage.
You barely miss the orc.
The orc is heavily wounded.
You hit the plant. x4
A nearby plant withers and dies. x2; The orc hits you but does no damage.
You hit the orc but do no damage.
The orc is heavily wounded.
You hit the plant but do no damage. You hit the plant.
A nearby plant withers and dies.
The orc barely misses you. The orc hits you with a +0 flail.
You hit the orc.
You kill the orc!
You hit the plant. You closely miss the orc warrior.
A nearby plant withers and dies.
The orc warrior hits you with a +0 scimitar!!
Ouch! That really hurt!
You die...

.......#..
####........PPPPP....#
#...#.....PPP...PPP..#
.._...PPPPPP......P..#
P...PPPPPP...PPP.....# #
PPPPPP......PPPPPP...##.
.PPP.?....PPP...PPP.....
.........PP..._.....##>.
P...P.o@.............#.#
.PPPP.).####.#...###.#.#
..o.o.### #...#.# #.#.#
..#### ###.# # #.#.# #
#.#.###.... #.#........
#.#######.# #.# #.# #.#
#.#


You could see an orc warrior and 2 orcs.

Vanquished Creatures
  An orc (D:5)
1 creature vanquished.

Vanquished Creatures (others)
  6 plants (D:5)
6 creatures vanquished.

Grand Total: 7 creatures vanquished

Notes
Turn   | Place    | Note
-------+----------+-------------------------------------------
     0 | D:5      | qw the Gargoyle Delver began the quest for the Orb.
     0 | D:5      | Reached XP level 1. HP: 14/14 MP: 1/1
     0 | D:5      | 0 ||| qw: Version: 0.1-a-118-gb4e7ce6
     0 | D:5      | 0 ||| qw: Game counter: 10421
     0 | D:5      | 0 ||| qw: Always use a shield: true
     0 | D:5      | 0 ||| qw: God list: Okawaru
     0 | D:5      | 0 ||| qw: Allow faded altars: false
     0 | D:5      | 0 ||| qw: Do Orc after D:15 true
     0 | D:5      | 0 ||| qw: Do second Lair branch before Depths: true
     0 | D:5      | 0 ||| qw: Lair rune preference: random
     0 | D:5      | 0 ||| qw: Plans: Normal
     0 | D:5      | 0 ||| PLANNING D:1-11
     1 | D:5      | Found an opulent altar of Gozag.
    41 | D:5      | Found a shimmering altar of Xom.
    43 | D:5      | Noticed an orc warrior
    58 | D:5      | Mangled by an orc warrior

Levels and vault maps discovered:
D:5:      layout_basic, mainiacjoe_overflow_catch_the_wave,
          minmay_temple_entry_sparse_star, chequers_hall_statues_wall_a,
          serial_bayou_lake_a, uniq_duvessa

Action                   || total
-------------------------++-------
Melee: Hand axe          ||     5
Armor: Leather armour    ||     2
Dodge: Dodged            ||     2

Table legend:
 A = Non-vault XP
 B = Vault XP
 C = Vault XP percentage of total XP
 D = Non-vault monster count
 E = Vault monster count
 F = Vault count percentage of total count
                 A         B        C        D         E       F
            +---------+---------+-------+---------+---------+-------
      Total |       3 |       0 |   0.0 |       1 |       0 |   0.0
            +---------+---------+-------+---------+---------+-------
        D:5 |       3 |       0 |   0.0 |       1 |       0 |   0.0
            +---------+---------+-------+---------+---------+-------
